 Dungeon Crawl Stone Soup version 0.21.1-1-g345015f (webtiles) character file.

84 shakethe the Shield-Bearer (level 4, -2/28 HPs)
             Began as a Gargoyle Fighter on Feb 10, 2018.
             Killed from afar by Natasha (5 damage)
             ... with a magic dart
             ... on level 3 of the Dungeon.
             The game lasted 00:03:27 (1974 turns).

shakethe the Shield-Bearer (Gargoyle Fighter)       Turns: 1974, Time: 00:03:28

Health: -2/28      AC: 12    Str: 19    XL:     4   Next: 46%
Magic:  4/4        EV:  5    Int:  9    God:
Gold:   121        SH:  9    Dex: 10    Spells: 3/3 levels left

rFire    . . .     SeeInvis .   a - +0 flail
rCold    . . .     Gourm    .   c - +0 shield
rNeg     + . .     Faith    .   e - +0 chain mail
rPois    ∞         Spirit   .   (no helmet)
rElec    +         Reflect  .   (no cloak)
rCorr    .         Harm     .   (no gloves)
MR       .....                  (no boots)
Stlth    ..........             (no amulet)
HPRegen  0.09/turn              (no ring)
MPRegen  0.09/turn              (no ring)

@: slowed, very slow
A: negative energy resistance 1, electricity resistance, unbreathing,
petrification resistance, rot immunity, AC +3
a: no special abilities


You were on level 3 of the Dungeon.
You were hungry.

You visited 1 branch of the dungeon, and saw 3 of its levels.

You collected 121 gold pieces.

Inventory:

Hand Weapons
 a - a +0 flail (weapon)
Armour
 b - a +0 scale mail
 c - a +0 shield (worn)
 e - a +0 chain mail (worn)
   (You found it on level 1 of the Dungeon)
Jewellery
 l - an uncursed ring of ice {unknown}
   (You found it on level 1 of the Dungeon)
Scrolls
 g - 3 scrolls of identify {unknown}
 h - a scroll of noise {unknown}
 i - a scroll of enchant weapon {unknown}
 n - a scroll of fog {unknown}
 o - a scroll of teleportation {unknown}
 q - a scroll of immolation {unknown}
Potions
 d - 3 potions of might
 j - a potion of brilliance {unknown}
 k - a potion of curing {unknown}
 m - a potion of berserk rage {unknown}
 p - a potion of resistance {unknown}
Comestibles
 f - 2 rations


   Skills:
 - Level 3.3 Fighting
 + Level 3.4 Maces & Flails
 - Level 3.3 Armour
 + Level 4.6 Shields


You had 3 spell levels left.
You didn't know any spells.

Dungeon Overview and Level Annotations

Branches:
Dungeon (3/15)

Altars:
Nemelex Xobeh
The Shining One

Annotations:
D:3 Natasha


Innate Abilities, Weirdness & Mutations

You are resistant to torment.
Your stone body is resilient. (AC +3)
You are immune to poison.
You resist negative energy. (rN+)
You are resistant to electric shocks. (rElec)
You can survive without breathing.
You are immune to petrification.
You are immune to rotting.


Message History

You see here a worm corpse.
You start resting.
All of the chunks of flesh in your inventory have rotted away.
Health restored: 28
r - a book of Maledictions Drop what? 18/52 slots (_ for help) (? for menu, Esc to quit)
Okay, then.
Drop what? 18/52 slots (_ for help) (? for menu, Esc to quit)
You drop a book of Maledictions.
A gnoll comes into view.
A gnoll comes into view.
The gnoll shouts!
You hear an angry hiss.
You hear a shout! x3
Natasha, Servant of Life and Death comes into view.
You completely miss the gnoll.
Natasha mumbles some strange words.
The gnoll hits you but does no damage.
You hit the gnoll. You block the gnoll's attack.
A hobgoblin and a gnoll come into view.
Your shield prevents you from hitting the gnoll.
The gnoll hits you.
The gnoll moves out of view.
You take 5 damage, and have 23/28 hp.
You closely miss the gnoll.
The hobgoblin moves out of view.
The gnoll hits you.
You take 4 damage, and have 19/28 hp.
You hit the gnoll. The gnoll hits you.
The gnoll hits you but does no damage. x2
You take 3 damage, and have 16/28 hp.
You hit the gnoll. The gnoll hits you but does no damage.
You block the gnoll's attack. The gnoll hits you but does no damage.
A gnoll comes into view. It is wielding a spear.
You closely miss the gnoll.
The gnoll shouts!
You hear an angry hiss.
You block the gnoll's attack. The gnoll hits you. The gnoll barely misses you.
You take 5 damage, and have 11/28 hp.
You sock the gnoll!
You kill the gnoll!
The gnoll hits you.
An adder comes into view.
You take 1 damage, and have 10/28 hp.
You thump the gnoll! The gnoll completely misses you.
Natasha howls an incantation.
Natasha's front paws start to glow.
You hit the gnoll.
You kill the gnoll!
Natasha barely misses you.
You hit Natasha. You block Natasha's attack.
You hit Natasha.
Natasha stares at you and mumbles some strange words.
You resist with some effort.
You closely miss Natasha.
Natasha casts a spell.
You closely miss Natasha. You block Natasha's attack.
The crimson imp hits you but does no damage.
Natasha zaps a wand.
The puff of flame hits you!
It is a wand of flame (21).
Your chain mail prevents you from hitting Natasha.
The crimson imp barely misses you. Natasha claws you but does no damage.
You closely miss Natasha. You block the crimson imp's attack.
Natasha claws you but does no damage. You block the crimson imp's attack.
Natasha barely misses you.
You closely miss Natasha.
You are feeling hungry.
The crimson imp hits you but does no damage.
Natasha closely misses you.
You closely miss Natasha.
The crimson imp hits you but does no damage.
You block Natasha's attack.
You sock Natasha! The crimson imp hits you.
Natasha zaps a wand.
The puff of flame misses you.
You take 1 damage, and have 11/28 hp.
You hit Natasha.
The crimson imp hits you but does no damage.
Natasha casts a spell at you.
You feel yourself slow down. You block the crimson imp's attack.
Natasha zaps a wand.
The puff of flame misses you.
Your shield and chain mail prevent you from hitting Natasha.
The crimson imp blinks!
You block Natasha's attack. Natasha claws you but does no damage.
You miss Natasha. Natasha casts a spell at you. The magic dart hits you!
* * * LOW HITPOINT WARNING * * *
You take 4 damage, and have 7/28 hp.
Your chain mail prevents you from hitting Natasha.
The crimson imp disappears in a puff of smoke!
Natasha claws you.
* * * LOW HITPOINT WARNING * * *
You block Natasha's attack.
You take 5 damage, and have 2/28 hp.
Your chain mail prevents you from hitting Natasha.
Natasha claws you but does no damage.
Natasha mumbles some strange words.
Natasha's front paws start to glow.
Natasha claws you but does no damage.
Your shield and chain mail prevent you from hitting Natasha.
Natasha casts a spell at you. The magic dart hits you!
You die...

...............:...>.#
######.........######
#.######### #.# #.#
#.# #.# #.## #@†# ##h#
S# g. ... (.#. .##.#
.# #


You could see Natasha, a gnoll and an adder.

Vanquished Creatures
  An adder (D:2)
  3 gnolls
  An ooze (D:1)
  2 worms (D:3)
  3 dart slugs (D:1)
  A leopard gecko (D:3)
  5 bats
  5 goblins
  4 hobgoblins
  2 kobolds (D:1)
  A frilled lizard (D:2)
  2 rats (D:1)
30 creatures vanquished.

Notes
Turn   | Place    | Note
-------+----------+-------------------------------------------
     0 | D:1      | shakethe the Gargoyle Fighter began the quest for the Orb.
     0 | D:1      | Reached XP level 1. HP: 14/14 MP: 1/1
    84 | D:1      | Reached XP level 2. HP: 8/19 MP: 2/2
   393 | D:1      | Reached XP level 3. HP: 20/23 MP: 3/3
   565 | D:1      | Reached skill level 4 in Shields
   668 | D:1      | Reached skill level 3 in Maces & Flails
  1064 | D:2      | Found a sparkling altar of Nemelex Xobeh.
  1120 | D:2      | Found a glowing golden altar of the Shining One.
  1665 | D:3      | Reached XP level 4. HP: 28/28 MP: 4/4
  1691 | D:3      | HP: 7/28 [worm (4)]
  1950 | D:3      | Noticed Natasha
  1971 | D:3      | HP: 7/28 [Natasha/magic dart (4)]
  1972 | D:3      | HP: 2/28 [Natasha (5)]
  1974 | D:3      | Killed from afar by Natasha

Skill      XL: |  1  2  3 |
---------------+----------+-----
Shields        | 4 |  4.6
Maces & Flails | 3 |  3.4
Fighting       | |  3.3
Armour         | |  3.3

Action                   |  1- 3 |  4- 6 || total
-------------------------+-------+-------++-------
Melee: Flail             |    95 |    38 ||   133
  Eat: Chunk             |     1 |     2 ||     3
Armor: Scale mail        |    29 |       ||    29
       Chain mail        |    53 |    17 ||    70
Dodge: Dodged            |    25 |     9 ||    34
Block: Shield            |    66 |    12 ||    78

Vault maps used:
D:1:      minmay_arrival_semitransparent, serial_forest,
          infiniplex_forest_lined_2, infiniplex_forest_end_3,
          infiniplex_forest_clump_diagonal, infiniplex_forest_straight_2,
          minmay_pentomino_r4
D:2:      tso_metal_star, nemelex_altar_shiori
D:3:      uniq_natasha

Table legend:
 A = Turns spent in this place as a percentage of turns spent in the entire game.
 B = Non-inter-level travel turns spent in this place as a percentage of non-inter-level travel turns spent in the entire game.
 C = Inter-level travel turns spent in this place as a percentage of turns spent in this place.
 D = Turns resting spent in this place as a percentage of non-inter-level travel turns spent in this place.
 E = Turns spent auto-exploring this place as a percentage of non-inter-level travel turns spent in this place.
 F = Non-inter-level travel turns spent in this place divided by the number of levels of this place that you've seen.
                   A       B       C       D       E      F
               +-------+-------+-------+-------+-------+----------------------
         Total | 100.0 | 100.0 |   0.0 |  22.5 |  48.9 | 658.0
       Dungeon | 100.0 | 100.0 |   0.0 |  22.5 |  48.9 | 658.0
               +-------+-------+-------+-------+-------+----------------------

Table legend:
 A = Kills in this place as a percentage of kills in entire the game.
 B = Kills by you in this place as a percentage of kills by you in the entire game.
 C = Kills by friends in this place as a percentage of kills by friends in the entire game.
 D = Other kills in this place as a percentage of other kills in the entire game.
 E = Experience gained in this place as a percentage of experience gained in the entire game.
 F = Experience gained in this place divided by the number of levels of this place that you have seen.
                   A       B       C       D       E      F
               +-------+-------+-------+-------+-------+----------------------
         Total | 100.0 | 100.0 |   N/A |   N/A | 100.0 |  40.3
       Dungeon | 100.0 | 100.0 |   N/A |   N/A | 100.0 |  40.3
               +-------+-------+-------+-------+-------+----------------------
